AoeStats
← Der_BastiFantasti

Arabia

510129180Analyzed
1v1 RM · 2d ago on Sep 29, 2026· 46m 30s· 2 players
Game mode
Random Map
Map size
Tiny (2 player)
Population
200
Speed
Normal
Resources
Standard
Victory
Conquest
Starting age
Dark Age
Ending age
Imperial Age
RankedLock teamsTeams togetherTeam positionsShared explorationLock speedFull tech treeHidden civsTurbo modeCheats
Victory
Defeat
🇩🇪 Romans · Germany
954
+15
🇺🇸 Sicilians · United States
938
-15
lhansen576
8:05 Loom
10:07 Feudal Age
10:55 Double-Bit Axe
10:56 Horse Collar
14:59 Scale Mail Armor
14:50 Fletching
24:00 Castle Age
22:44 Forging
22:40 Gold Mining
25:28 Wheelbarrow
24:55 Stone Mining
25:25 Bow Saw
26:05 Chain Mail Armor
25:46 Bodkin Arrow
26:21 Heavy Plow
27:31 Sanctity
28:07 Iron Casting
31:52 Ballistics
31:28 Murder Holes
36:30 Imperial Age
35:05 Hand Cart
38:09 Plate Mail Armor
37:40 Bracer
40:02 Blast Furnace
40:36 Conscription
41:03 Elite Serjeant
45:27 Scale Barding Armor
45:24 Town Watch
46:29 Chain Barding Armor
46:45 Bloodlines
45:57 Cavalier
Der_BastiFantasti
10:19 Feudal Age
10:24 Man-at-Arms
11:01 Horse Collar
12:46 Forging
13:08 Double-Bit Axe
16:36 Gold Mining
17:15 Scale Mail Armor
21:54 Castle Age
20:22 Stone Mining
23:04 Wheelbarrow
22:35 Long Swordsman
23:17 Squires
24:00 Pikeman
25:03 Bow Saw
24:56 Heavy Plow
29:38 Chain Mail Armor
29:59 Iron Casting
30:02 Town Watch
33:47 Murder Holes
34:59 Ballistics
34:31 Fletching
34:42 Padded Archer Armor
35:34 Ballistas
35:55 Hand Cart
39:15 Imperial Age
38:57 Husbandry
39:23 Legionary
40:37 Crop Rotation
40:48 Gold Shaft Mining
41:35 Devotion
41:06 Heavy Scorpion
42:57 Conscription
44:09 Blast Furnace
43:09 Bodkin Arrow
45:12 Comitatenses
46:01 Conscription
46:34 Loom
46:50 Town Patrol
Connection lost

Rejoining the realm…

Still unreachable

The connection could not be restored.

Session expired

The server has moved on; the page needs a fresh start.